 Dungeon Crawl Stone Soup version 0.29.1-1-gd02db6906a (webtiles) character file.

Game seed: 7450659855909862020

3462 lanetrain the Digger (level 9, -9/84 HPs)
             Began as a Troll Earth Elementalist on Sept 25, 2022.
             Was a Believer of Ashenzari.
             Mangled by an orc warrior
             ... wielding a +0 mace
              (13 damage)
             ... on level 7 of the Dungeon.
             The game lasted 00:28:37 (6233 turns).

lanetrain the Digger (Troll Earth Elementalist)     Turns: 6233, Time: 00:28:37

Health: -9/84      AC:  8    Str: 18    XL:     9   Next: 78%
Magic:  7/17       EV: 11    Int: 15    God:    Ashenzari [**....]
Gold:   591        SH:  0    Dex:  8    Spells: 10/21 levels left

rFire   + + .      SeeInvis +     - Unarmed
rCold   . . .      Faith    .   (no shield)
rNeg    . . .      Spirit   .   a - +0 robe "Shackled Soothsayer" {Self, Evo} (curse)
rPois   +          Reflect  .   (helmet restricted)
rElec   +          Harm     .   (no cloak)
rCorr   .          Rampage  .   (gloves unavailable)
Will    .....                   (boots unavailable)
Stlth   ++........              (no amulet)
HPRegen 1.04/turn               n - ring of Cremastomancy {rElec rPois rF++ AC+4 Dex-2, Melee, Self} (curse)
MPRegen 0.15/turn               y - ring "Share My Doubts" {Wiz, Melee, Cun} (curse)

@: no status effects
A: large, unfitting armour, claws 3, regeneration 1, shaggy fur 1, tough skin 1
a: Renounce Religion, Curse Item, Shatter the Chains


You were on level 7 of the Dungeon.
You worshipped Ashenzari.
Ashenzari was pleased with you.
You visited 1 branch of the dungeon, and saw 8 of its levels.
You also visited: Sewer.

You collected 591 gold pieces.

Inventory:

Hand Weapons
 h - a +0 dagger
 o - a +3 short sword of venom
 w - a +1 shortbow of freezing
 D - a +2 quarterstaff of chaos
Missiles
 g - 90 stones
 A - a throwing net
Armour
 a - the cursed +0 robe "Shackled Soothsayer" (worn) {Self, Evo}

   It has a curse which improves the following skills: Introspection: Fighting
   and Spellcasting.
   Evocations: Evocations.
Magical Staves
 c - a staff of earth
Jewellery
 n - the cursed ring of Cremastomancy (left claw) {rElec rPois rF++ AC+4 Dex-2, Melee, Self}
   (You found it on level 2 of the Dungeon)

   [ring of protection]

   AC:        It affects your AC (+4).
   Dex:       It affects your dexterity (-2).
   rF:        It greatly protects you from fire.
   rElec:     It insulates you from electricity.
   rPois:     It protects you from poison.
   It has a curse which improves the following skills: Melee Combat: Short
   Blades, Long Blades, Axes, Maces & Flails, Polearms, Staves and Unarmed
   Combat.
   Introspection: Fighting and Spellcasting.
 q - a +4 ring of evasion
 u - a ring of poison resistance
 y - the cursed ring "Share My Doubts" (right claw) {Wiz, Melee, Cun}
   (You found it on level 4 of the Dungeon)

   [ring of wizardry]

   It improves your spell success rate.
   It has a curse which improves the following skills: Melee Combat: Short
   Blades, Long Blades, Axes, Maces & Flails, Polearms, Staves and Unarmed
   Combat.
   Cunning:   Dodging and Stealth.
Wands
 b - a wand of polymorph (5)
 p - a wand of iceblast (5)
 z - a wand of quicksilver (8)
 B - a wand of paralysis (7)
Scrolls
 f - 2 scrolls of teleportation
 i - a scroll of silence
 l - 2 scrolls of noise
 m - 2 scrolls of magic mapping
 r - 8 scrolls of identify
 s - 3 scrolls of fear
 v - a scroll of enchant armour
 C - a scroll of poison
 F - 2 scrolls of blinking
Potions
 d - 5 potions of invisibility
 e - a potion of cancellation
 j - a potion of might
 k - a potion of brilliance
 t - a potion of magic
 x - a potion of lignification
 E - a potion of resistance


   Skills:
 + Level 2.2(3.7) Fighting
 + Level 5.0(6.2) Dodging
 + Level 2.1(3.1) Stealth
 + Level 6.2(8.1) Unarmed Combat
 + Level 4.7(6.5) Spellcasting
 + Level 1.1 Conjurations
 + Level 1.2 Transmutations
 + Level 6.6 Earth Magic


You had 10 spell levels left.
You knew the following spells:

 Your Spells              Type           Power      Damage    Failure   Level
a - Sandblast             Erth           48%        2d12      1%          1
b - Passwall              Tmut/Erth      13%        N/A       1%          2
c - Stone Arrow           Conj/Erth      32%        3d9       3%          3
d - Petrify               Tmut/Erth      16%        N/A       12%         4
e - Beastly Appendage     Tmut           16%        N/A       3%          1

Your spell library contained the following spells:

 Spells                   Type           Power      Damage    Failure   Level
 Wereblood                Tmut           8%         N/A       5%          2
 Spider Form              Tmut/Pois      6%         N/A       13%         3
 Frozen Ramparts          Ice            8%         1d2       16%         3
 Ice Form                 Ice/Tmut       6%         N/A       38%         4
 Summon Ice Beast         Ice/Summ       4%         N/A       45%         4


Dungeon Overview and Level Annotations

Branches:
Dungeon (8/15)             Temple (0/1) D:7           Sewer (visited)
   Lair: D:8-11

Altars:
Ashenzari
Hepliaklqana

Annotations:
D:8 Joseph


Innate Abilities, Weirdness & Mutations

You are too large for most types of armour.
You have claws for hands.
Your natural rate of healing is unusually fast.
You are covered in fur. (AC +1)
You have tough skin. (AC +1)


Message History

You closely miss the orc warrior.
The orc warrior is heavily wounded.
The orc warrior hits you with a +0 mace!
The orc barely misses you.
You barely miss the orc warrior.
The orc warrior is heavily wounded.
The orc warrior hits you with a +0 mace.
The orc hits you with a +0 club.
Casting: Petrify (dangerous; 12% risk of failure)
Confirm with . or Enter, or press ? or * to list all spells.
Aiming: Stone Arrow (mildly dangerous; 3% risk of failure)
Press: ? - help, Shift-Dir - straight line, f - orc
Aim: an orc, wielding a +0 club and wearing a +0 ring mail (72% to hit)
The stone arrow hits the orc!
You kill the orc!
The orc warrior hits you with a +0 mace!
* * * LOW HITPOINT WARNING * * *
Casting: Stone Arrow (mildly dangerous; 3% risk of failure)
Confirm with . or Enter, or press ? or * to list all spells.
Aiming: Stone Arrow (mildly dangerous; 3% risk of failure)
Press: ? - help, Shift-Dir - straight line, f - sky beast
Aim: a sky beast (slightly transparent, 56% to hit)
The stone arrow hits the sky beast!
The sky beast is moderately wounded.
The orc warrior hits you with a +0 mace!
* * * LOW HITPOINT WARNING * * *
The sky beast hits you but does no damage.
You feel better.
The orc warrior hits you with a +0 mace!
* * * LOW HITPOINT WARNING * * *
The sky beast hits you.
* * * LOW HITPOINT WARNING * * *
The sky beast shocks you. You resist.
* * * LOW HITPOINT WARNING * * *
You closely miss the sky beast.
The sky beast is moderately wounded.
You scratch the sky beast but do no damage.
The sky beast is moderately wounded.
The orc warrior hits you with a +0 mace!
You die...

.#♣#...[.......# #.[..# #.#.##
..#..#####.....# #.##.# #.#...
#...#.# #..[..#####.##.# #.###.
♣#.#♣#####..............# #.###.
#...#.#....##.........######.##..
..#..#..#####.............##.##..
.#♣#.#.## ####.#....#.####.##..
..#....# #Y#....#.####.###'
#..#.### #@o....#......# #.
♣#...# ###....######## ## #...##
#....# ...## #....# ####
####.########### #............
############# # #


You could see an orc warrior and a sky beast (invisible).

Vanquished Creatures
  The ghost of liarliar the Ruffian, a novice TrWr (D:5)
  Prince Ribbit (D:6)
  2 hornets (D:8)
  3 water moccasins
  An ice beast (D:5)
  An orc warrior (D:7)
  A black bear (D:3)
  An ogre (D:5)
  3 phantoms
  A kobold brigand (D:7)
  2 bullfrogs
  2 necrophages (D:5)
  A gnoll sergeant (D:8)
  3 scorpions
  A water moccasin skeleton (D:5)
  3 killer bees (D:7)
  2 centaur skeletons (D:5)
  A jelly (D:5)
  Crazy Yiuf (D:6)
  6 hounds
  2 bullfrog skeletons (D:5)
  3 orc wizards
  A hell rat (Sewer)
  A hound zombie (D:3)
  A howler monkey zombie (D:3)
  Robin (D:2)
  12 gnolls
  A howler monkey skeleton (D:3)
  8 adders
  6 river rats
  A white imp (D:6)
  An adder skeleton (D:3)
  An adder zombie (D:3)
  3 dart slugs
  2 worms (D:3)
  13 orcs
  7 endoplasms
  15 goblins
  10 hobgoblins
  3 jackals (D:2)
  13 kobolds
  A quokka (D:1)
  7 ball pythons
  5 bats
  2 frilled lizards
  A quokka skeleton (D:3)
  14 rats
  A spectral kobold (D:6)
173 creatures vanquished.

Vanquished Creatures (others)
  A fungus (D:6)
  2 plants (D:8)
  2 withered plants (D:3)
5 creatures vanquished.

Grand Total: 178 creatures vanquished

Notes
Turn   | Place    | Note
-------+----------+-------------------------------------------
     0 | D:1      | lanetrain the Troll Earth Elementalist began the quest for
                  | the Orb.
     0 | D:1      | Reached XP level 1. HP: 16/16 MP: 1/1
   119 | D:1      | Reached XP level 2. HP: 21/24 MP: 3/3
   381 | D:1      | Found a faded altar of an unknown god.
   387 | D:1      | Prayed at the altar of an unknown god.
   387 | D:1      | Became a worshipper of Ashenzari the Shackled
   713 | D:2      | Identified the ring "Vakucwor" {rElec rPois rF++ AC+4
                  | Dex-2}
   739 | D:2      | Noticed Robin
   761 | D:2      | Reached XP level 3. HP: 28/31 MP: 1/4
   972 | D:2      | Killed Robin
   973 | D:2      | Reached skill level 1 in Unarmed Combat
   976 | D:2      | Identified the cursed +0 robe "Shackled Soothsayer" {Self,
                  | Evo}
  1062 | D:2      | Learned a level 2 spell: Passwall
  1091 | D:2      | Reached XP level 4. HP: 38/39 MP: 3/6
  1327 | D:2      | Reached * piety under Ashenzari
  1910 | D:3      | Noticed a black bear
  1956 | D:3      | Killed a black bear
  1957 | D:3      | Reached XP level 5. HP: 17/46 MP: 1/9
  2112 | D:3      | Reached XP level 6. HP: 41/54 MP: 3/10
  2314 | D:3      | Found a glowing drain.
  2323 | Sewer    | Entered a sewer
  2900 | D:4      | Reached XP level 7. HP: 59/63 MP: 7/12
  2985 | D:4      | Reached ** piety under Ashenzari
  3345 | D:5      | Entered Level 5 of the Dungeon
  3407 | D:5      | HP: 1/65 [water moccasin (4)]
  3421 | D:5      | Reached skill level 1 in Fighting
  3583 | D:5      | Reached XP level 8. HP: 63/74 MP: 11/15
  3592 | D:5      | Reached skill level 5 in Earth Magic
  3597 | D:5      | Learned a level 3 spell: Stone Arrow
  3605 | D:5      | Found a runed translucent gate.
  3605 | D:5      | Found a runed translucent gate.
  3605 | D:5      | Found a runed translucent gate.
  3606 | D:5      | Noticed liarliar's ghost (novice TrWr)
  4180 | D:5      | Killed liarliar's ghost
  4191 | D:5      | Learned a level 4 spell: Petrify
  4362 | D:6      | Reached XP level 9. HP: 76/81 MP: 5/17
  4895 | D:6      | Noticed Prince Ribbit
  4902 | D:6      | Killed Prince Ribbit
  4903 | D:6      | Reached skill level 5 in Unarmed Combat
  4998 | D:6      | Found a hazy altar of Hepliaklqana.
  5094 | D:6      | Found a runed translucent door.
  5095 | D:6      | Noticed Crazy Yiuf
  5104 | D:6      | Killed Crazy Yiuf
  5250 | D:7      | Reached skill level 1 in Transmutations
  5428 | D:7      | Learned a level 1 spell: Beastly Appendage
  5446 | D:7      | Found a staircase to the Ecumenical Temple.
  6113 | D:8      | Reached skill level 5 in Dodging
  6113 | D:8      | Reached skill level 1 in Conjurations
  6151 | D:8      | Noticed Joseph
  6231 | D:7      | HP: 3/84 [sky beast (3)]
  6233 | D:7      | Mangled by an orc warrior

Illustrated notes

Levels and vault maps discovered:
D:1:      nicolae_arrival_memento_mori, layout_basic, basic_ecumenical_altar,
          st_stairs_13, dreamdust_wishing_well
D:2:      layout_loops_corners, minmay_surrounded, uniq_robin
D:3:      layout_rooms, lightli_sewer_entry_pipes, serial_undead,
          serial_undead_e, serial_undead_e, serial_undead_c, serial_undead_a,
          serial_undead_f, minmay_misc_feat_more_columns
D:4:      layout_loops_ring, bh_walls_and_bars
D:5:      layout_cave_pools, gammafunk_ghost_necromancy
D:6:      layout_loops_ring, nicolae_hepliaklqana_monster_ancestors,
          uniq_crazy_yiuf_cottage, uniq_prince_ribbit1
D:7:      layout_basic, minmay_temple_entry_hall, st_stairs_3,
          kennysheep_doodads
D:8:      corexii_shack_village, layout_basic, lemuel_doored_altar,
          palyth_stone_intersect, minmay_joined_circles, uniq_joseph

Skill      XL: |  1  2  3  4  5  6  7  8  9 |
---------------+----------------------------+-----
Earth Magic    | 3 4 6 |  6.6
Dodging        | 2 3 4 5 |  5.0
Unarmed Combat | 1 2 3 4 6 |  6.2
Spellcasting   | 2 3 4 |  4.7
Fighting       | 1 2 |  2.2
Transmutations | 1 |  1.2
Stealth        | 2 |  2.1
Conjurations   | 1 |  1.1

Action                   |  1- 3 |  4- 6 |  7- 9 || total
-------------------------+-------+-------+-------++-------
Melee: Unarmed           |    89 |   187 |   211 ||   487
       Punch             |       |     1 |     5 ||     6
 Cast: Sandblast         |    34 |    76 |    41 ||   151
       Passwall          |       |     1 |       ||     1
       Stone Arrow       |       |       |    30 ||    30
       Petrify           |       |       |    11 ||    11
Invok: Curse Item        |     1 |     1 |     1 ||     3
  Use: Scroll            |     1 |     1 |     4 ||     6
       Potion            |     1 |       |     9 ||    10
 Stab: Petrified         |       |       |     7 ||     7
       Invisible         |       |       |     1 ||     1
       Sleeping          |       |       |     1 ||     1
Armor: Robe              |    62 |   114 |   143 ||   319
       Skin              |     7 |       |       ||     7
Dodge: Dodged            |    69 |   141 |   211 ||   421
